 Dungeon Crawl Stone Soup version 0.27-a0-1217-g8a41f320e8 (webtiles) character file.

Game seed: 11525554960896571149

103488 quinnr the Eclecticist (level 16, -12/153 HPs)
             Began as a Djinni Air Elementalist on June 5, 2021.
             Was the Champion of Makhleb.
             Mangled by a golden dragon simulacrum (48 damage)
             ... in an ice cave.
             The game lasted 01:34:36 (39931 turns).

quinnr the Eclecticist (Djinni Air Elementalist)   Turns: 39931, Time: 01:34:37

Health: -12/153    AC: 35    Str:  7    XL:     16   Next: 89%
Gold:   323        EV: 16    Int: 34    God:    Makhleb [******] SH: 10 Dex: 12

rFire    + + .     SeeInvis .   D - staff of air
rCold    . . .     Faith    .   B - +0 buckler
rNeg     + . .     Spirit   .   (armour currently unavailable)
rPois    ∞         Reflect  +   r - +1 hat
rElec    +         Harm     .   x - +2 cloak {Will+}
rCorr    +         Rampage  .   (gloves currently unavailable)
Will     +++..                  (boots unavailable)
Stlth    +++++.....             A - amulet of Ystrur {Reflect Int+8 Dex-2 SH+5}
HPRegen  0.35/turn              I - ring of Qeoggina {Will+ rCorr Int+4 Slay+3}
MPRegen  0.00/turn              v - ring "Qowiogh" {rElec rPois rC+ Int-2 Stlth+}

@: statue-form, flying, very slow
A: slow and powerful, torment resistance 1, flying, boosted hp, sickness
immunity, fire resistance 2, cold vulnerability 1, float, innate caster, hp
casting, extra vitality 1
a: End Transformation, Renounce Religion, Minor Destruction, Lesser Servant of
Makhleb, Major Destruction, Greater Servant of Makhleb


You were in an ice cave.
You worshipped Makhleb.
Makhleb was exalted by your worship.
You were a living statue of rough stone.
You visited 5 branches of the dungeon, and saw 24 of its levels.
You also visited: Ice Cave.

You collected 2355 gold pieces.
You spent 2032 gold pieces at shops.

Inventory:

Hand Weapons
 e - the +8 trident of the Octopus King {venom, rElec rPois Will+}
   (You acquired it on level 6 of the Lair of Beasts)

   It poisons the flesh of those it strikes.
   It insulates you from electricity.
   It protects you from poison.
   It increases your willpower.
 S - the +4 rapier of the Inferno {chaos, +Rage Will+ Str-3 Stlth+}
   (You found it on level 2 of the Lair of Beasts)

   Each time it hits an enemy it has a different, random effect.
   It affects your strength (-3).
   It lets you go berserk.
   It increases your willpower.
   It makes you more stealthy.
Missiles
 t - 8 atropa-tipped darts
 L - 5 curare-tipped darts
Armour
 i - a +1 pair of gloves of dexterity (melded)
 p - +2 ice dragon scales (melded)
 r - a +1 hat (worn)
 x - a +2 cloak of willpower (worn)
 B - a +0 buckler (worn)
Magical Staves
 D - a staff of air (weapon)
 Q - a staff of cold
Jewellery
 g - a ring of ice
 q - the amulet "Abitaene" {Harm rF++ Regen+}
   (You found it on level 12 of the Dungeon)

   [amulet of regeneration]

   It greatly protects you from fire.
   It increases your rate of health regeneration.
   It increases damage dealt and taken.
 v - the ring "Qowiogh" (right fist) {rElec rPois rC+ Int-2 Stlth+}
   (You bought it in a shop on level 2 of the Orcish Mines)

   [ring of protection from cold]

   It affects your intelligence (-2).
   It protects you from cold.
   It insulates you from electricity.
   It protects you from poison.
   It makes you more stealthy.
 A - the amulet of Ystrur (around neck) {Reflect Int+8 Dex-2 SH+5}
   (You acquired it on level 6 of the Lair of Beasts)

   [amulet of reflection]

   It reflects blocked missile attacks.
   It affects your intelligence (+8).
   It affects your dexterity (-2).
   It affects your SH (+5).
 I - the ring of Qeoggina (left fist) {Will+ rCorr Int+4 Slay+3}
   (You bought it in a shop on level 1 of the Orcish Mines)

   [ring of willpower]

   It affects your intelligence (+4).
   It affects your accuracy and damage with ranged weapons and melee attacks
   (+3).
   It protects you from acid and corrosion.
   It increases your willpower.
 N - a ring of positive energy
 T - a ring of fire
 U - a ring of ice
 X - a ring of see invisible
Wands
 a - a wand of acid (17)
 l - a wand of flame (51)
 s - a wand of charming (9)
 R - a wand of iceblast (42)
 W - a wand of polymorph (7)
Scrolls
 b - 9 scrolls of teleportation
 c - a scroll of identify
 d - a scroll of vulnerability
 y - a scroll of blinking
 G - 2 scrolls of enchant weapon
 H - a scroll of fear
 K - 2 scrolls of summoning
 O - 3 scrolls of fog
Potions
 f - 14 potions of curing
 h - 3 potions of haste
 k - 3 potions of heal wounds
 n - 3 potions of invisibility
 o - 5 potions of brilliance
 w - 12 potions of ambrosia
 z - a potion of resistance
 J - 2 potions of might
 V - a potion of lignification
Miscellaneous
 u - a piece from Xom's chessboard (15/15)


   Skills:
 - Level 12.0 Fighting
 - Level 4.0 Armour
 - Level 10.0 Dodging
 + Level 9.7 Stealth
 - Level 4.0 Shields
 - Level 15.0 Spellcasting
 + Level 9.9 Invocations


You had 6 spell levels left.
You knew the following spells:

 Your Spells              Type           Power      Damage    Failure   Level
a - Shock                 Conj/Air       100%       1d9       0%          1
b - Static Discharge      Conj/Air       100%       N/A       0%          2
c - Swiftness             Air            100%       N/A       0%          3
d - Airstrike             Air            56%        N/A       1%          4
e - Lightning Bolt        Conj/Air       56%        1d78      1%          5
f - Magic Dart            Conj           100%       1d8       0%          1
g - Slow                  Hex            91%        N/A       0%          2
h - Portal Projectile     Hex/Tloc       100%       N/A       0%          3
i - Frozen Ramparts       Ice            100%       1d12      0%          3
j - Summon Ice Beast      Ice/Summ       91%        N/A       1%          4
k - Summon Mana Viper     Hex/Summ       91%        N/A       1%          5
l - Statue Form           Tmut/Erth      60%        N/A       1%          6
Your spell library was empty.

Dungeon Overview and Level Annotations

Branches:
Dungeon (13/15)            Temple (1/1) D:5            Lair (6/6) D:11
 Shoals (2/4) Lair:4       Spider (0/4) Lair:4        Slime (0/5) Lair:6
    Orc (2/2) D:10            Elf (0/3) Orc:2         IceCv (1/1)
 Vaults: D:13-14

Altars:
Ashenzari
Cheibriados
Dithmenos
Elyvilon
Fedhas
Gozag
Hepliaklqana
Kikubaaqudgha
Makhleb
Nemelex Xobeh
Okawaru
Qazlal
Ru
Sif Muna
Trog
Uskayaw
Vehumet
Wu Jian
Xom
Yredelemnul
Zin
The Shining One

Shops:
D:7 [   D:9 ![[!   Orc:1 =   Orc:2 =[=[=

Annotations:
Shoals:2 Polyphemus


Innate Abilities, Weirdness & Mutations

You are a living statue of rough stone.
Your actions are slow, but your melee attacks are powerful.
You are resistant to unholy torment.
You are flying.
Your maximum health is greatly increased.
Your equipment is partially melded.
You are immune to sickness and miasma.
You are immune to poison.
Your flesh is very heat resistant. (rF++)
You are vulnerable to cold. (rC-)
You float through the air rather than walking.
You learn spells naturally, not from books.
Your magical power is your life essence.
You have superior vitality. (+4 HP)


Message History

The golden dragon simulacrum bites you.
The golden dragon simulacrum freezes you!!!
The golden dragon simulacrum claws you but does no damage.
The golden dragon simulacrum tramples you but does no damage.
Casting: Airstrike (safe; 1% risk of failure)
Confirm with . or Enter, or press ? or * to list all spells.
Aiming: Airstrike (safe; 1% risk of failure)
Press: ? - help, Dir - move target, f/p - golden dragon simulacrum
Aim: a golden dragon simulacrum (lightly damaged)
You feel a surge of power!
The air twists around and strikes the golden dragon simulacrum.
The golden dragon simulacrum is lightly damaged.
The golden dragon simulacrum closely misses you.
You block the golden dragon simulacrum's attack. x2
Casting: Airstrike (safe; 1% risk of failure)
Confirm with . or Enter, or press ? or * to list all spells.
Aiming: Airstrike (safe; 1% risk of failure)
Press: ? - help, Dir - move target, f/p - golden dragon simulacrum
Aim: a golden dragon simulacrum (lightly damaged)
You feel a surge of power!
The air twists around and strikes the golden dragon simulacrum!
The golden dragon simulacrum is heavily damaged.
The golden dragon simulacrum misses you.
The golden dragon simulacrum claws you but does no damage.
The golden dragon simulacrum tramples you but does no damage.
Casting: Airstrike (safe; 1% risk of failure)
Confirm with . or Enter, or press ? or * to list all spells.
Aiming: Airstrike (safe; 1% risk of failure)
Press: ? - help, Dir - move target, f/p - golden dragon simulacrum
Aim: a golden dragon simulacrum (heavily damaged)
You feel a surge of power!
The air twists around and strikes the golden dragon simulacrum.
The golden dragon simulacrum is heavily damaged.
The golden dragon simulacrum bites you.
The golden dragon simulacrum freezes you!!!
* * * LOW HITPOINT WARNING * * *
The golden dragon simulacrum claws you!
* * * LOW HITPOINT WARNING * * *
The golden dragon simulacrum freezes you!!!
You die...

...#### .# .# ...#4.#
#+#'#+#'# 8# ...#44'
+.......# .
...########.8.8.8.#.#
.....#............#.#
.....'............'.#
.....#............#
...########.8.8.8.#
...#4.'.#.'.....8.#
...#..#.###'#'#'#Z#
...#### #.#.#.#.#
....# ######### ..###
###


You could see a golden dragon simulacrum.

Vanquished Creatures
  Gastronok (Lair:2)
  A kraken (Shoals:1)
  Fannar (Lair:2)
  11 hydras
  4 boulder beetles
  An ice dragon (Lair:6)
  Erica (Lair:2)
  Harold (D:8)
  A merfolk avatar (Shoals:1)
  2 centaur warriors (D:13)
  An alligator snapping turtle (Shoals:1)
  4 two-headed ogres
  12 death yaks
  2 merfolk aquamancers (Shoals:1)
  Urug (Lair:1)
  3 orc high priests (Orc:2)
  Sonja (Lair:1)
  The ghost of bande the Cleaver, a novice GrFi of Okawaru (D:9)
  A skeletal warrior (D:11)
  A sea snake (Shoals:1)
  Pikel (D:9)
  2 lindwurms
  A wizard (D:12)
  3 oklob plants
  4 orc knights (Orc:2)
  4 fauns (Shoals:1)
  6 orc sorcerers (Orc:2)
  5 cyclopes
  8 elephants
  3 manticores
  Joseph (D:8)
  4 black mambas
  19 cane toads
  2 gargoyles (D:12)
  A merfolk siren (Shoals:2)
  A water nymph (Shoals:1)
  5 torpor snails (Lair:6)
  3 ice statues
  7 rime drakes
  8 komodo dragons
  7 ice devils
  2 anaconda simulacra (IceCv)
  4 merfolk (Shoals:1)
  4 trolls
  16 polar bears
  2 wind drakes
  10 hornets
  4 tyrant leeches (Lair:6)
  5 blink frogs
  6 dream sheep
  A snapping turtle (Shoals:1)
  A raiju (Lair:6)
  5 slime creatures
  6 water elementals (Shoals:1)
  2 vampires
  3 redbacks (Lair:4)
  3 wraiths
  A wyvern (Lair:4)
  2 dire elephant simulacra (IceCv)
  49 yaks
  6 basilisks
  2 steam dragons (D:6)
  8 vampire mosquitoes
  A basilisk (shapeshifter) (D:13)
  2 harpy simulacra (IceCv)
  8 wargs
  An acid dragon (D:13)
  13 hell hounds (Lair:6)
  12 water moccasins
  5 ice beasts
  12 orc warriors
  A sky beast (D:6)
  16 black bears
  A necrophage (D:7)
  12 wolves (Lair:6)
  10 ogres
  10 centaurs
  2 phantoms
  A kobold brigand (D:6)
  A gnoll sergeant (D:8)
  9 bullfrogs
  2 scorpions
  A wyvern zombie (D:5)
  4 jellies
  A water moccasin skeleton (D:5)
  26 killer bees
  5 howler monkeys
  An electric eel (Lair:6)
  5 centaur zombies
  8 orc priests
  A bullfrog skeleton (D:6)
  3 hounds
  A centaur skeleton (D:6)
  2 iguanas
  12 orc wizards
  Terence (D:3)
  2 howler monkey zombies (D:9)
  5 adders
  3 gnolls (D:8)
  A howler monkey skeleton (D:6)
  5 white imps
  3 ufetubi
  2 adder skeletons (D:4)
  5 worms
  3 dart slugs
  58 orcs
  4 bats
  7 endoplasms
  3 giant cockroaches (D:2)
  13 hobgoblins
  4 jackals (D:1)
  3 quokkas
  10 ball pythons
  6 frilled lizards
  11 goblins
  13 kobolds
  6 rats
  A tentacle (Shoals:1)
646 creatures vanquished.

Vanquished Creatures (collateral kills)
  An ice statue (IceCv)
  An ice devil (IceCv)
  A queen bee (D:9)
  2 dream sheep (Shoals:1)
  A hell hound (Lair:6)
  An orc warrior (Orc:2)
  A black bear (Lair:6)
  A wolf (Lair:6)
  3 killer bees (D:9)
  An orc priest (Orc:2)
13 creatures vanquished.

Vanquished Creatures (others)
  A manticore (Shoals:1)
  A bush (Lair:6)
  91 fungi
  142 plants
  3 tentacles (Shoals:1)
238 creatures vanquished.

Grand Total: 897 creatures vanquished

Notes
Turn   | Place    | Note
-------+----------+-------------------------------------------
     0 | D:1      | quinnr the Djinni Air Elementalist began the quest for the
                  | Orb.
     0 | D:1      | Reached XP level 1. HP: 15/15 MP: 0/0
   369 | D:1      | Reached XP level 2. HP: 18/21 MP: 0/0
   375 | D:1      | Reached skill level 3 in Spellcasting
   884 | D:1      | Reached XP level 3. HP: 24/25 MP: 0/0
   884 | D:1      | Learned a level 1 spell: Magic Dart
  1830 | D:2      | Found a faded altar of an unknown god.
  1882 | D:2      | Reached XP level 4. HP: 23/31 MP: 0/0
  2510 | D:2      | Reached skill level 4 in Spellcasting
  3184 | D:3      | Reached XP level 5. HP: 32/35 MP: 0/0
  3184 | D:3      | Learned a level 2 spell: Slow
  3391 | D:3      | Found a sacrificial altar of Ru.
  3710 | D:3      | Noticed Terence
  3717 | D:3      | Killed Terence
  3788 | D:3      | Found an ornate altar of the Wu Jian Council.
  4557 | D:4      | Reached XP level 6. HP: 36/41 MP: 0/0
  4600 | D:4      | Noticed an ogre
  4739 | D:4      | quinnr: @?phantom
  4739 | D:4      | beem: phantom (W)
                  | Spd:
    10 | HD: 7    | HP: 31-47
                  | AC/EV:
                  | 3/13
                  | Dam: 10(blink self)
                  | undead, doors, evil, fly,
                  | unbreathing
                  | Res: magic(40), cold++, poison+++, drown,
                  | miasma, neg+++, torm, napalm
                  | Vul: holy
                  | XP:
   124 | Sp:      | blink [!sil]
                  | Sz: Medium
                  | Int: human.
  4745 | D:4      | Reached skill level 1 in Fighting
  4745 | D:4      | Reached skill level 5 in Spellcasting
  4935 | D:4      | Noticed a black bear
  4945 | D:4      | Killed a black bear
  5208 | D:4      | Reached XP level 7. HP: 40/47 MP: 0/0
  5208 | D:4      | Learned a level 3 spell: Portal Projectile
  5777 | D:5      | Entered Level 5 of the Dungeon
  5965 | D:5      | Reached skill level 6 in Spellcasting
  6454 | D:5      | Reached XP level 8. HP: 49/52 MP: 0/0
  6518 | D:5      | Found a broken altar of Ashenzari.
  6940 | D:5      | Found a staircase to the Ecumenical Temple.
  6979 | Temple   | Entered the Ecumenical Temple
  7179 | D:5      | Reached skill level 7 in Spellcasting
  8270 | D:6      | Reached skill level 8 in Spellcasting
  8414 | D:6      | Reached XP level 9. HP: 27/57 MP: 0/0
  8414 | D:6      | Learned a level 3 spell: Frozen Ramparts
  8750 | D:6      | Noticed a cyclops
  8837 | D:6      | Killed a cyclops
  8838 | D:6      | Reached skill level 9 in Spellcasting
  9008 | D:7      | Found Fefaf's Armour Boutique.
  9181 | D:7      | Found a burning altar of Makhleb.
  9185 | D:7      | Became a worshipper of Makhleb the Destroyer
  9242 | D:7      | Found a bloodstained altar of Trog.
  9245 | D:7      | Found a shadowy altar of Dithmenos.
  9364 | D:7      | Found a glowing golden altar of the Shining One.
  9654 | D:7      | Bought a +1 hat for 154 gold pieces
  9787 | D:7      | Reached skill level 5 in Dodging
 10305 | D:8      | Noticed Harold
 10313 | D:8      | Killed Harold
 10313 | D:8      | Noticed a hornet
 10314 | D:8      | Reached XP level 10. HP: 20/68 MP: 0/0
 10315 | D:8      | Noticed a two-headed ogre
 10624 | D:8      | Noticed Joseph
 10631 | D:8      | Killed Joseph
 10632 | D:8      | Reached skill level 5 in Fighting
 11208 | D:8      | Killed a two-headed ogre
 11209 | D:8      | Reached skill level 1 in Armour
 11597 | D:8      | Noticed a two-headed ogre
 11602 | D:8      | Killed a two-headed ogre
 11713 | D:8      | Noticed a boulder beetle
 11719 | D:8      | Killed a boulder beetle
 11720 | D:8      | Reached XP level 11. HP: 53/79 MP: 0/0
 11720 | D:8      | Learned a level 4 spell: Summon Ice Beast
 11891 | D:8      | Reached skill level 10 in Spellcasting
 12216 | D:9      | Reached * piety under Makhleb
 12653 | D:9      | Found Plog's Distillery.
 12680 | D:9      | Found Kicupor's Armour Shoppe.
 12689 | D:9      | Bought a +0 cloak of willpower for 126 gold pieces
 12856 | D:9      | Found Enom's Distillery.
 12858 | D:9      | Found Nutood's Antique Armour Shop.
 12863 | D:9      | Bought a potion of heal wounds for 75 gold pieces
 12873 | D:9      | Noticed a two-headed ogre
 12878 | D:9      | Killed a two-headed ogre
 12879 | D:9      | Reached skill level 11 in Spellcasting
 12954 | D:9      | Found a sacrificial altar of Ru.
 13081 | D:9      | Reached ** piety under Makhleb
 13113 | D:9      | Found a hazy altar of Hepliaklqana.
 13130 | D:9      | Noticed a two-headed ogre
 13135 | D:9      | Killed a two-headed ogre
 13199 | D:9      | Noticed Pikel
 13204 | D:9      | Killed Pikel
 13598 | D:9      | Reached skill level 5 in Stealth
 13905 | D:9      | Reached skill level 1 in Shields
 13984 | D:9      | Identified the ring "Rogappue" {AC+4 Str+3 Dex+5}
 14054 | D:9      | Found a runed translucent gate.
 14054 | D:9      | Found a runed translucent gate.
 14054 | D:9      | Found a runed translucent gate.
 14056 | D:9      | Noticed bande's ghost (novice GrFi)
 14133 | D:9      | Bought an embroidered robe for 125 gold pieces
 14248 | D:9      | Killed bande's ghost
 14522 | D:10     | Entered Level 10 of the Dungeon
 14527 | D:10     | Reached XP level 12. HP: 73/85 MP: 0/0
 14989 | D:10     | Found a staircase to the Orcish Mines.
 15843 | D:10     | Reached *** piety under Makhleb
 16607 | D:11     | Reached skill level 12 in Spellcasting
 16665 | D:11     | Noticed a skeletal warrior
 16673 | D:11     | Killed a skeletal warrior
 17195 | D:11     | Found a staircase to the Lair.
 17569 | D:12     | Noticed an eight-headed hydra
 17574 | D:12     | Killed an eight-headed hydra
 17755 | D:12     | Noticed a boulder beetle
 17768 | D:12     | Killed a boulder beetle
 18012 | D:12     | Reached XP level 13. HP: 66/90 MP: 0/0
 18012 | D:12     | Learned a level 5 spell: Summon Mana Viper
 18389 | D:12     | Reached skill level 13 in Spellcasting
 18884 | Lair:1   | Entered Level 1 of the Lair of Beasts
 18884 | Lair:1   | Noticed Urug
 18893 | Lair:1   | Killed Urug
 19267 | Lair:1   | Noticed Sonja
 19270 | Lair:1   | Killed Sonja
 19326 | Lair:1   | Noticed a six-headed hydra
 19333 | Lair:1   | Killed a six-headed hydra
 20143 | Lair:2   | Noticed Gastronok
 20159 | Lair:2   | Reached **** piety under Makhleb
 20916 | Lair:2   | Noticed Erica
 20922 | Lair:2   | Killed Erica
 21060 | Lair:2   | Noticed a seven-headed hydra
 21064 | Lair:2   | Killed a seven-headed hydra
 21302 | Lair:3   | Reached skill level 10 in Dodging
 21472 | Lair:2   | Noticed Fannar
 21635 | Lair:3   | Reached skill level 10 in Fighting
 21735 | Lair:3   | Noticed an eight-headed hydra
 21742 | Lair:3   | Killed an eight-headed hydra
 21902 | Lair:3   | Reached XP level 14. HP: 95/103 MP: 0/0
 23319 | Lair:2   | Killed Fannar
 23512 | Lair:2   | Killed Gastronok
 23995 | Lair:2   | Identified the +4 rapier of the Inferno {chaos, +Rage Will+
                  | Str-3 Stlth+}
 25102 | Lair:4   | Found a hole to the Spider Nest.
 25249 | Lair:4   | Found a staircase to the Shoals.
 27320 | Lair:5   | Identified the +7 flail of Greed {elec, *Noise rPois Int+5
                  | Dex+8}
 27526 | Lair:5   | Reached XP level 15. HP: 82/112 MP: 0/0
 27526 | Lair:5   | Learned a level 6 spell: Statue Form
 27650 | Lair:6   | Entered Level 6 of the Lair of Beasts
 27651 | Lair:6   | quinnr: ??statue form
 27651 | Lair:6   | beem: statue form[1/2]: Grants 17 + pow/10 AC, +30% HP.
                  | Makes you take 50% more time to take any action, like the
                  | slow spell. Melds gloves, boots, bardings, and body armour.
                  | Provides rElec, rN+, 50% rTorm, rRot+, and poison immunity.
                  | 12 + unarmed_skill base unarmed damage and 50% bonus on all
                  | melee. Gargoyles can't cast this spell.
 28068 | Lair:6   | Reached skill level 14 in Spellcasting
 28284 | Lair:6   | Reached ***** piety under Makhleb
 28533 | Lair:6   | Reached skill level 1 in Invocations
 29952 | Lair:6   | Reached skill level 5 in Invocations
 30657 | Lair:6   | Identified a scroll of acquirement
 30658 | Lair:6   | Acquired the +8 trident of the Octopus King {venom, rElec
                  | rPois Will+}
 30659 | Lair:6   | Found the +8 trident of the Octopus King {venom, rElec
                  | rPois Will+}
 30838 | Lair:6   | Found a runed translucent door.
 31767 | Lair:6   | Acquired the amulet of Ystrur {Reflect Int+8 Dex-2 SH+5}
 31906 | Lair:6   | Found a staircase to the Slime Pits.
 32138 | Lair:6   | Reached skill level 15 in Spellcasting
 32138 | Lair:6   | Reached XP level 16. HP: 118/118 MP: 0/0
 32882 | D:12     | Identified the amulet "Abitaene" {Harm rF++ Regen+}
 34516 | Orc:1    | Entered Level 1 of the Orcish Mines
 34517 | Orc:1    | quinnr: ??statute form
 34517 | Orc:1    | beem: statute form ~ statue form[1/2]: Grants 17 + pow/10
                  | AC, +30% HP. Makes you take 50% more time to take any
                  | action, like the slow spell. Melds gloves, boots, bardings,
                  | and body armour. Provides rElec, rN+, 50% rTorm, rRot+, and
                  | poison immunity. 12 + unarmed_skill base unarmed damage and
                  | 50% bonus on all melee. Gargoyles can't cast this spell.
 34517 | Orc:1    | quinnr: ??statute form[2
 34517 | Orc:1    | beem: statute form ~ statue form[2/2]: Gives plate armour
                  | GDR, halves damage from torment and gives rotting
                  | resistance. Prior to 0.16, gargoyles get 4 less AC than
                  | other races in statue form (and still lose all of their
                  | innate AC)! In 0.16 and later, gargoyles can't cast it at
                  | all. Makes you take extra damage from shatter, but you knew
                  | that already.
 34659 | Orc:2    | Entered Level 2 of the Orcish Mines
 34659 | Orc:2    | Found Tutohy's Jewellery Shop.
 34690 | Orc:2    | Found a staircase to the Elven Halls.
 35797 | Orc:2    | Reached ****** piety under Makhleb
 36330 | Orc:2    | Found Ykudovo's Armour Boutique.
 36334 | Orc:2    | Found Muimitypp's Antique Armour Emporium.
 36342 | Orc:2    | Found Ostryastopa's Jewellery Emporium.
 36344 | Orc:2    | Found Rimuipso's Jewellery Boutique.
 36350 | Orc:2    | quinnr: ??wizardy
 36350 | Orc:2    | beem: I don't have a page labeled wizardy in my learndb.
                  | Did you mean: wizard, wizardry.
 36350 | Orc:2    | quinnr: ??wizardry
 36350 | Orc:2    | beem: ring of wizardry[1/2]: Makes spellcasting less likely
                  | to fail. Comes in ring form that stack, but not very well.
                  | Vehumet grants a similar boost to {destructive spells},
                  | which stacks well with the ring.
 36353 | Orc:2    | Bought a ring of see invisible for 240 gold pieces
 36353 | Orc:2    | Bought the ring "Qowiogh" {rElec rPois rC+ Int-2 Stlth+}
                  | for 668 gold pieces
 36843 | Orc:1    | Found Vuifiwnom's Jewellery Shoppe.
 36851 | Orc:1    | Bought the ring of Qeoggina {Will+ rCorr Int+4 Slay+3} for
                  | 644 gold pieces
 37114 | Shoals:1 | Entered Level 1 of the Shoals
 37396 | Shoals:1 | Noticed a kraken
 37647 | Shoals:1 | Acquired a +1 pair of gloves of dexterity
 38773 | Shoals:1 | Acquired a staff of air
 39056 | Shoals:1 | Killed a kraken
 39121 | Shoals:2 | Noticed Polyphemus
 39162 | Shoals:2 | Found a frozen archway.
 39325 | IceCv    | Entered an ice cave
 39931 | IceCv    | Mangled by a golden dragon simulacrum

Illustrated notes

Levels and vault maps discovered:
D:1:      heliophobic_arrival_enchanted_forest, layout_loops_ring,
          serial_co_window_serial, co_window_of_opportunity_a,
          co_window_cross_1, co_window_corner_a, co_window_corner_a,
          co_window_of_opportunity_a, co_window_of_opportunity_a,
          co_window_of_opportunity_a, co_window_corner_cb, co_window_cross_3,
          co_window_of_opportunity_b, co_window_paths_e, glass_columns_b,
          glass_columns_a, glass_columns_a, glass_columns_a, glass_columns_a
D:2:      layout_basic, hellmonk_ecumenical_altar_leap_of_faith
D:3:      layout_basic, old_standard_altar, nicolae_ru_awakened_eye,
          minmay_quadrilaterals, uniq_terence
D:4:      minmay_skewed_foursquare, layout_rooms, minmay_misc_feat_doors
D:5:      corexii_shack_village, layout_basic, evilmike_ruin_ashenzari,
          minmay_temple_entry_hall
D:6:      layout_rooms
D:7:      layout_basic, grunt_temple_overflow_cloverleaf, serial_shops, shop
D:8:      layout_cave_pools, minmay_diamond_spiral, uniq_joseph, uniq_harold
D:9:      layout_roguey [special_room_bee], ebering_ghost_rock_garden,
          serial_shops, nicolae_shop_crystal, shop, shop,
          nicolae_shop_window_shopping, minmay_crystal_room,
          hangedman_feature_mirror, corexii_leaking_fountain, uniq_pikel
D:10:     layout_basic, hiddenorc1_lemuel, roderic_filled_cross
D:11:     layout_roguey, due_lair_maze_entry_diamond, serial_bayou_pond_c
D:12:     layout_basic, minivault_1
D:13:     layout_stronghold, minmay_misc_feat_roman
Temple:   minmay_freezing_vapour_temple
Lair:1:   layout_misc_corridors, lemuel_fruit_tree, serial_bayou_shore_b,
          serial_bayou_shore_b, grunt_megastairs_5, uniq_urug, uniq_sonja
Lair:2:   layout_chaotic_city, nicolae_volcano_entry_vermiform, ice2_lemuel,
          grunt_megastairs_2, uniq_fannar, uniq_gastronok, uniq_erica
Lair:3:   layout_gridlike, st_stairs_6
Lair:4:   layout_long_grid, minmay_shoals_entry_beasts, spider_nest_entry_webs,
          serial_bayou_shore_a
Lair:5:   layout_roguey
Lair:6:   wormcave, layout_loops_ring, hangedman_lair_caniforms_friends,
          minmay_slime_entry_oklob_enclosed, infiniplex_staircase_pool
Shoals:1: layout_shoals
Shoals:2: layout_shoals, portal_ice_cave_entry_ice_statue_one, uniq_polyphemus
Orc:1:    layout_caves, serial_shops, shop_fountains
Orc:2:    st_orc_elflike, layout_caves, serial_shops, shop
IceCv:    ice_cave_tombish

Skill      XL: |  1  2  3  4  5  6  7  8  9 10 11 12 13 14 15 16 |
---------------+-------------------------------------------------+-----
Spellcasting   | 3 4 5 6 8 9 11 12 13 15 | 15.0
Fighting       | 1 4 7 10 11 12 | 12.0
Stealth        | 2 5 7 9 |  9.7
Dodging        | 6 7 10 | 10.0
Armour         | 3 4 |  4.0
Shields        | 3 4 |  4.0
Invocations    | 6 9 |  9.9

Action                   |  1- 3 |  4- 6 |  7- 9 | 10-12 | 13-15 | 16-18 || total
-------------------------+-------+-------+-------+-------+-------+-------++-------
Melee: Whip              |       |       |     2 |       |     1 |       ||     3
       Rapier            |       |       |       |       |     1 |       ||     1
       Trident           |       |       |       |       |     1 |     1 ||     2
 Cast: Shock             |    64 |   119 |    65 |    60 |    71 |     6 ||   385
       Static Discharge  |     1 |    13 |     5 |    13 |    90 |    23 ||   145
       Magic Dart        |       |    13 |    10 |       |     4 |       ||    27
       Slow              |       |     4 |     3 |    19 |    20 |     2 ||    48
       Airstrike         |       |       |    58 |   145 |   434 |   270 ||   907
       Lightning Bolt    |       |       |     8 |    63 |   118 |    40 ||   229
       Swiftness         |       |       |     1 |     1 |       |       ||     2
       Summon Ice Beast  |       |       |       |     6 |     3 |    10 ||    19
       Frozen Ramparts   |       |       |       |     3 |     3 |     1 ||     7
       Statue Form       |       |       |       |       |    11 |    13 ||    24
       Summon Mana Viper |       |       |       |       |     1 |    13 ||    14
  Use: Scroll            |       |     3 |     9 |     2 |    14 |     7 ||    35
       Potion            |       |       |     2 |     1 |       |     1 ||     4
Armor: Robe              |     1 |     3 |     8 |    26 |    36 |       ||    74
       Skin              |       |       |       |       |    74 |    29 ||   103
       Ice dragon scales |       |       |       |       |       |    11 ||    11
Dodge: Dodged            |     5 |    12 |    19 |   102 |   233 |    57 ||   428
Block: Buckler           |       |       |       |       |       |    57 ||    57
       Reflection        |       |       |       |       |       |    10 ||    10

Table legend: (Time is in decaauts)
 A = Elapsed time spent in this place.
 B = Non-inter-level travel time spent in this place.
 C = Inter-level travel time spent in this place.
 D = Time resting spent in this place.
 E = Time spent auto-exploring this place.
 F = Levels seen in this place.
 G = Mean time per level.
                   A        B        C        D        E       F      G
               +--------+--------+--------+--------+--------+-----+--------+
         Total |  40677 |  38502 |   2175 |  15088 |  18874 |  25 | 1627.1 |
       Dungeon |  21451 |  20367 |   1084 |   7314 |  11108 |  13 | 1650.1 |
        Temple |     16 |     11 |      5 |      0 |     10 |   1 |   16.0 |
          Lair |  14029 |  13267 |    762 |   6216 |   5326 |   6 | 2338.2 |
        Shoals |   1835 |   1729 |    106 |    268 |   1164 |   2 |  917.5 |
  Orcish Mines |   2641 |   2425 |    216 |    939 |   1081 |   2 | 1320.5 |
      Ice Cave |    703 |    703 |      0 |    351 |    184 |   1 |  703.0 |
               +--------+--------+--------+--------+--------+-----+--------+

Top non-repeatable levels by time:
  Lair:6: 3715 daAuts
  Lair:3: 2701 daAuts
    D:11: 2615 daAuts
  Lair:5: 2514 daAuts
     D:9: 2320 daAuts
     D:5: 2281 daAuts
     D:7: 2150 daAuts
  Lair:4: 1867 daAuts
     D:1: 1742 daAuts
  Lair:2: 1714 daAuts
   Orc:2: 1661 daAuts
Shoals:1: 1641 daAuts
     D:8: 1593 daAuts
     D:2: 1590 daAuts
    D:10: 1586 daAuts
